 Dungeon Crawl Stone Soup version 0.31-a0-232-gb1c03b2570 (webtiles) character file.

Game seed: 10377002568115392065

78 qw the Shooter (level 4, -3/36 HPs)
             Began as a Minotaur Hexslinger on July 7, 2023.
             Slain by a goblin
             ... wielding a +0 club
             ... led by Robin
              (5 damage)
             ... on level 2 of the Dungeon.
             The game lasted 00:00:34 (1080 turns).

qw the Shooter (Minotaur Hexslinger)                Turns: 1080, Time: 00:00:34

Health: -3/36      AC:  3    Str: 13    XL:     4   Next: 15%
Magic:  4/4        EV: 17    Int: 10    God:
Gold:   123        SH:  0    Dex: 14    Spells: 4/5 levels left

rFire   . . .        Y - +1 sling
rCold   . . .        (no shield)
rNeg    . . .        c - +0 robe
rPois   .            (helmet restricted)
rElec   .            g - +0 cloak
rCorr   .            (no gloves)
SInv    .            (no boots)
Will    .....        (no amulet)
Stlth   +            j - +5 ring of evasion
HPRegen 0.26/turn    (no ring)
MPRegen 0.09/turn

%: no passive effects
@: no status effects
A: horns 2, retaliatory headbutt
a: no special abilities


You were on level 2 of the Dungeon.
You visited 1 branch of the dungeon, and saw 2 of its levels.

You collected 123 gold pieces.


Innate Abilities, Weirdness & Mutations

You have a pair of horns on your head.
You reflexively headbutt those who attack you in melee.


   Skills:
 - Level 2.0 Fighting
 + Level 4.7 Ranged Weapons
 - Level 2.1 Dodging
 - Level 1.0 Spellcasting
 - Level 2.0 Hexes


You had 4 spell levels left.
You knew the following spells:

 Your Spells              Type           Power      Damage    Failure   Level
a - Slow                  Hex            16%        N/A       16%         1

Your spell library contained the following spells:

 Spells                   Type           Power      Damage    Failure   Level
 Inner Flame              Hex/Fire       2%         N/A       56%         3
 Portal Projectile        Hex/Tloc       4%         N/A       56%         3
 Cause Fear               Hex            2%         N/A       83%         4

Inventory:

Hand Weapons
 Y - a +1 sling (weapon)
Armour
 c - a +0 robe (worn)
 g - a +0 cloak (worn)
Jewellery
 b - a ring of positive energy
 j - a +5 ring of evasion (left hand)
Scrolls
 a - a scroll of identify
Potions
 f - a potion of invisibility {unknown}

Dungeon Overview and Level Annotations

Branches:
Dungeon (2/15)

Altars:

Annotations:
D:2 Robin


Message History

The goblin shouts!
The sling bullet hits the goblin.
You kill the goblin!
Robin barely misses you.
You shoot a sling bullet. The sling bullet barely misses Robin.
Robin throws the goblin at you! The goblin hits you with a +0 dagger.
You shoot a sling bullet. The sling bullet hits the goblin.
You kill the goblin!
The goblin barely misses you.
Robin hits you from afar with a +0 trident.
You shoot a sling bullet. The sling bullet hits the goblin.
You kill the goblin!
Robin throws the goblin at you! The goblin hits you with a +0 dagger.
You shoot a sling bullet. The sling bullet hits the goblin.
You kill the goblin!
The goblin completely misses you. x2; You furiously retaliate!
You headbutt the goblin.
You kill the goblin!
Robin closely misses you.
You shoot a sling bullet. The sling bullet hits the goblin.
The goblin is heavily wounded.
Robin misses you. The goblin hits you but does no damage.
The goblin hits you with a +0 club. x2; The goblin hits you with a +0 dagger.
The goblin misses you. Robin throws the goblin at you!
You shoot a sling bullet. The sling bullet hits the goblin.
The goblin is almost dead.
Robin barely misses you. The goblin barely misses you. x2
The goblin hits you with a +0 dagger. The goblin hits you with a +0 club.
You shoot a sling bullet. The sling bullet hits the goblin.
You kill the goblin!
The goblin hits you with a +0 club. The goblin closely misses you.
Robin misses you. The goblin hits you with a +0 dagger.
You shoot a sling bullet. The sling bullet hits the goblin!
You kill the goblin!
The goblin completely misses you. Robin closely misses you.
The goblin misses you.
You shoot a sling bullet.
The sling bullet closely misses the goblin.
Robin misses you. The goblin hits you with a +0 club.
You die...

## .########## ####
.##.......#
#...#.##.......#
#.#..... #.......#
#....gg###.......#
#....)@).'/......#
#####))###.......#
....g# ######:##
...).... #.#
.......#...#####.#######
....... ##..............
...)... ######..#######
....... #.###.....
#.###.####


You could see Robin and 2 goblins.

Vanquished Creatures
  A gnoll (D:1)
  An adder (D:2)
  A worm (D:2)
  2 dart slugs (D:1)
  7 ball pythons (D:1)
  6 endoplasms (D:1)
  12 goblins
  2 hobgoblins (D:1)
  4 jackals (D:1)
  2 quokkas
  2 bats (D:1)
  4 frilled lizards (D:1)
  3 kobolds
  A rat (D:1)
48 creatures vanquished.

Notes
Turn   | Place    | Note
-------+----------+-------------------------------------------
     0 | D:1      | qw the Minotaur Hexslinger began the quest for the Orb.
     0 | D:1      | Reached XP level 1. HP: 16/16 MP: 1/1
     0 | D:1      | 0 ||| qw: Version: 0.3-a-46-gb1f654a
     0 | D:1      | 0 ||| qw: Game counter: 2793
     0 | D:1      | 0 ||| qw: Melee chars always use a shield: true
     0 | D:1      | 0 ||| qw: God list: Okawaru
     0 | D:1      | 0 ||| qw: Allow faded altars: false
     0 | D:1      | 0 ||| qw: Do Orc after clearing Dungeon:15 true
     0 | D:1      | 0 ||| qw: Do second Lair branch before Depths: true
     0 | D:1      | 0 ||| qw: Lair rune preference: random
     0 | D:1      | 0 ||| qw: Goals: Normal
     0 | D:1      | 0 ||| PLANNING D:1-11
   105 | D:1      | HP: 4/16 [constriction (1)]
   170 | D:1      | Reached skill level 3 in Ranged Weapons
   174 | D:1      | Reached XP level 2. HP: 23/23 MP: 2/2
   374 | D:1      | Reached XP level 3. HP: 29/29 MP: 3/3
   466 | D:1      | Reached skill level 4 in Ranged Weapons
   739 | D:1      | 739 ||| UPGRADING to +0 cloak.
   744 | D:1      | 744 ||| UPGRADING to +5 ring of evasion.
   745 | D:1      | 745 ||| READING 2 scrolls labelled JODAHOA NIASEM.
   746 | D:1      | 746 ||| READING scroll labelled WICUSIO XAATHRI.
   747 | D:1      | 747 ||| READING scroll labelled KOL ASTROANEU.
   748 | D:1      | 748 ||| READING 2 scrolls labelled LICLURR QYTOGO.
   749 | D:1      | 749 ||| DRINKING 2 bubbling blue potions.
   854 | D:1      | 854 ||| DROPPING scroll of poison.
   855 | D:1      | 855 ||| DROPPING potion of berserk rage.
   856 | D:1      | 856 ||| DROPPING scroll of revelation.
  1064 | D:2      | Noticed Robin
  1066 | D:2      | Reached XP level 4. HP: 36/36 MP: 4/4
  1077 | D:2      | HP: 8/36 [goblin/+0 club[Robin] (2)]
  1078 | D:2      | HP: 1/36 [goblin/+0 dagger[Robin] (3)]
  1080 | D:2      | Slain by a goblin

Levels and vault maps discovered:
D:1:      kennysheep_arrival_forest, layout_basic, st_stairs_3
D:2:      layout_basic, serial_shops, shop, uniq_robin

Skill      XL: |  1  2  3 |
---------------+----------+-----
Ranged Weapons | 3 4 |  4.7
Fighting       | 2 |  2.0
Dodging        | |  2.1
Spellcasting   | |  1.0
Hexes          | |  2.0

Action                     |  1- 3 |  4- 6 || total
---------------------------+-------+-------++-------
   Fire: Sling             |   135 |    15 ||   150
    Use: Scroll            |     4 |       ||     4
         Potion            |     1 |       ||     1
 Armour: Robe              |    13 |     2 ||    15
  Dodge: Dodged            |    37 |    17 ||    54

Table legend:
 A = Non-vault XP
 B = Vault XP
 C = Vault XP percentage of total XP
 D = Non-vault monster count
 E = Vault monster count
 F = Vault count percentage of total count
                 A         B        C        D         E       F
            +---------+---------+-------+---------+---------+-------
      Total |      92 |      20 |  17.9 |      36 |      12 |  25.0
            +---------+---------+-------+---------+---------+-------
        D:1 |      71 |       4 |   5.3 |      32 |       3 |   8.6
        D:2 |      21 |      16 |  43.2 |       4 |       9 |  69.2
            +---------+---------+-------+---------+---------+-------
